 Dungeon Crawl Stone Soup version bcrawl-1.27.8b (webtiles) character file.

Game seed: 15739796478984284080

131033 esc the Skirmisher (level 4, -3/40 HPs)
             Began as a Hill Orc Archaeologist on Nov 13, 2020.
             Killed from afar by a quokka (30 damage)
             ... with an exploding inner flame
             ... hexed by the player character
             ... on level 3 of the Dungeon.
             The game lasted 00:04:39 (1942 turns).

esc the Skirmisher (Hill Orc Archaeologist)         Turns: 1942, Time: 00:04:39

Health: -3/40      AC:  7    Str: 14    XL:     4   Next: 60%
Magic:  4/4        EV: 12    Int: 19    God:
Gold:   78         SH:  0    Dex:  9    Spells: 3/3 levels left

rFire    . . .     SeeInvis .   h - +3 dagger
rCold    . . .     Gourm    .   (no shield)
rNeg     . . .     Faith    .   b - +1 robe
rPois    .         Spirit   .   c - +1 hat
rElec    .         Reflect  .   (no cloak)
rCorr    .         Harm     .   (no gloves)
MR       .....                  d - +2 pair of boots
Stlth    ++........             j - amulet of regeneration
HPRegen  0.25/turn              (no ring)
MPRegen  0.09/turn              (no ring)

@: brilliant
A: no striking features
a: no special abilities


You were on level 3 of the Dungeon.
You were not hungry.

You visited 1 branch of the dungeon, and saw 3 of its levels.

You collected 78 gold pieces.

Inventory:

Hand Weapons
 a - a +0 whip
 h - a +3 dagger (weapon)
Armour
 b - a +1 robe (worn)
 c - a +1 hat (worn)
 d - a +2 pair of boots (worn)
Jewellery
 j - an amulet of regeneration (around neck)
Scrolls
 g - 2 scrolls of magic mapping
 m - a scroll of enchant armour
Miscellaneous
 f - a dusty tome
Comestibles
 e - 4 rations {!d}


   Skills:
 + Level 3.8 Fighting
   Level 3.8 Short Blades
   Level 3.8 Long Blades
   Level 3.8 Axes
   Level 3.8 Maces & Flails
   Level 3.8 Polearms
   Level 3.8 Staves
 - Level 2.4 Dodging
 - Level 2.6 Stealth
   Level 3.8 Unarmed Combat


You had 3 spell levels left.
You didn't know any spells.
Your spell library was empty.

Dungeon Overview and Level Annotations

Branches:
Dungeon (3/12)

Altars:

Annotations:
D:3 Ijyb, Natasha


Message History

Really read the scroll of immolation?
Uppercase [Y]es or [N]o only, please.
Really read the scroll of immolation?
As you read the scroll of immolation, it crumbles to dust.
The creatures around you are filled with an inner flame!
The crimson imp gestures at you. The flame tongue hits you!
Evoke which item? (* to show all) (? for menu, Esc to quit)
Okay, then.
It was a potion of brilliance.
You feel clever all of a sudden.
Natasha mumbles some strange words.
The crimson imp shouts, "Scamper home, thou paunchy nose-picking mendicant!"
The crimson imp disappears in a puff of smoke!
Natasha casts a spell.
You hit the quokka.
The quokka explodes!
The fiery explosion engulfs you!!
Ouch! That really hurt!
You die...

....#...####....h#
. #...# #####.#
##### #g# #.#
###########r#
#........<#5#
#.#########§#
#.#########.#
#....@§§.g.h#
#############


You could see Natasha and a gnoll (inner flame).

Vanquished Creatures
  Terence (D:2)
  2 worms (D:2)
  A dart slug (D:1)
  2 leopard geckos
  2 giant cockroaches
  5 goblins
  7 hobgoblins
  4 jackals (D:2)
  10 kobolds
  3 quokkas
  A ball python (D:2)
  9 bats
  3 frilled lizards
  4 rats
54 creatures vanquished.

Notes
Turn   | Place    | Note
-------+----------+-------------------------------------------
     0 | D:1      | esc the Hill Orc Archaeologist began the quest for the Orb.
     0 | D:1      | Reached XP level 1. HP: 16/16 MP: 1/1
    54 | D:1      | Reached skill level 2 in Fighting
   190 | D:1      | Reached XP level 2. HP: 24/24 MP: 2/2
   505 | D:1      | Reached XP level 3. HP: 30/30 MP: 3/3
   751 | D:2      | Reached skill level 3 in Fighting
   952 | D:2      | Noticed Terence
  1340 | D:2      | Killed Terence
  1340 | D:2      | Reached XP level 4. HP: 22/40 MP: 4/4
  1908 | D:3      | Noticed Natasha
  1911 | D:3      | Noticed Ijyb
  1942 | D:3      | Killed from afar by a quokka

Skill      XL: |  1  2  3 |
---------------+----------+-----
Fighting       | 2 3 |  3.8
Short Blades   | |  3.8
Long Blades    | |  3.8
Axes           | |  3.8
Maces & Flails | |  3.8
Polearms       | |  3.8
Staves         | |  3.8
Dodging        | |  2.4
Stealth        | |  2.6
Unarmed Combat | |  3.8

Action                   |  1- 3 |  4- 6 || total
-------------------------+-------+-------++-------
Melee: Whip              |    99 |    22 ||   121
       Falchion          |   112 |       ||   112
       Punch             |     2 |       ||     2
       Dagger            |       |    16 ||    16
  Use: Scroll            |     5 |     1 ||     6
       Potion            |     2 |     1 ||     3
 Stab: Sleeping          |     6 |       ||     6
       Distracted        |       |     1 ||     1
  Eat: Chunk             |     7 |       ||     7
       Ration            |       |     1 ||     1
Armor: Robe              |    92 |     3 ||    95
Dodge: Dodged            |   182 |    13 ||   195
